 Dungeon Crawl Stone Soup version 0.30-a0-802-gb92711bcdf (webtiles) character file.

Game seed: 455690270473929517

1855475 Monkooky the Wrestler (level 26, 251/251 HPs)
             Began as a Ghoul Artificer on Feb 22, 2023.
             Was an Initiate of Yredelemnul.
             Escaped with the Orb
             ... and 3 runes on Feb 23, 2023!
             The game lasted 03:08:37 (53764 turns).

Monkooky the Wrestler (Ghoul Artificer)            Turns: 53764, Time: 03:08:38

Health: 251/251    AC: 46    Str: 26    XL:     26   Next: 25%
Magic:  34/34      EV: 11    Int:  6    God:    Yredelemnul [......]
Gold:   3860       SH: 13    Dex: 15    Spells: 25/25 levels left

rFire   + . .      SeeInvis .      - Unarmed
rCold   + + +      Faith    +    N - +0 kite shield {AC+3}
rNeg    + + +      Spirit   .    M - +13 plate armour of Wefeih {rPois rC+ rCorr}
rPois   ∞          Reflect  .    y - +2 helmet
rElec   +          Harm     .    U - +1 cloak {Will+}
rCorr   +          Rampage  .    (no gloves)
Will    ++...                    s - +2 pair of boots Stlth
                                 O - amulet of faith
HPRegen 0.61/turn                P - ring of protection from fire
MPRegen 0.24/turn                T - ring "Tota" {rElec rC++ AC+4 Dex+4}

@: studying Long Blades
A: claws 1, cold resistance 1, negative energy resistance 3, inhibited
regeneration, torment resistance 2, devour on kill
0: Orb of Zot
}: 3/15 runes: serpentine, barnacled, silver
a: Renounce Religion, Recall Undead Harvest


You escaped.
You worshipped Yredelemnul.
Yredelemnul was most pleased with you.
You visited 8 branches of the dungeon, and saw 44 of its levels.
You visited the Abyss 2 times.
You also visited: Sewer and Gauntlet.

You collected 5581 gold pieces.
You spent 1721 gold pieces at shops.

Inventory:

Missiles
 z - 24 poisoned darts
 H - 4 throwing nets
 Y - 20 javelins
 Z - 4 curare-tipped darts
Armour
 s - a +2 pair of boots (worn)
 y - a +2 helmet (worn)
 M - the +13 plate armour of Wefeih (worn) {rPois rC+ rCorr}
   (You bought it in a shop on level 8 of the Dungeon)

   rC:        It protects you from cold.
   rPois:     It protects you from poison.
   rCorr:     It protects you from acid and corrosion.
 N - a +0 kite shield of protection (worn)
 R - a +2 cloak
 U - a +1 cloak of willpower (worn)
Jewellery
 a - the ring of Kamem {rC++ Slay+4}
   (You found it on level 14 of the Dungeon)

   [ring of slaying]

   Slay:      It affects your accuracy & damage with ranged weapons and melee
   (+4).
   rC:        It greatly protects you from cold.
 h - a ring of willpower
 O - an amulet of faith (around neck)
 P - a ring of protection from fire (left claw)
 T - the ring "Tota" (right claw) {rElec rC++ AC+4 Dex+4}
   (You found it in a Gauntlet)

   [ring of protection]

   AC:        It affects your AC (+4).
   Dex:       It affects your dexterity (+4).
   rC:        It greatly protects you from cold.
   rElec:     It insulates you from electricity.
Wands
 c - a wand of flame (57)
 d - a wand of charming (39)
 i - a wand of roots (39)
 o - a wand of mindburst (17)
 B - a wand of digging (7)
 F - a wand of light (9)
 Q - a wand of polymorph (23)
Scrolls
 e - 25 scrolls of identify
 j - 14 scrolls of teleportation
 k - 4 scrolls of enchant armour
 l - 11 scrolls of immolation
 v - 7 scrolls of torment
 w - 3 scrolls of summoning
 x - 4 scrolls of blinking
 A - 3 scrolls of amnesia
 D - 3 scrolls of poison
 E - a scroll of silence
 G - 5 scrolls of fog
 S - 13 scrolls of fear (quivered)
 X - 5 scrolls of vulnerability
Potions
 f - 3 potions of invisibility
 m - 5 potions of heal wounds
 n - 6 potions of ambrosia
 p - 5 potions of resistance
 q - 7 potions of might
 r - 7 potions of brilliance
 t - 12 potions of curing
 u - 8 potions of attraction
 I - 3 potions of magic
 J - 3 potions of haste
 L - 8 potions of flight
Miscellaneous
 b - a lightning rod (4/4)
 C - a box of beasts
 K - a phantom mirror
 V - a condenser vane
 W - a tin of tremorstones (inert)


   Skills:
 - Level 23.3 Fighting
 - Level 14.0 Armour
 - Level 11.1 Dodging
 - Level 1.1 Stealth
 - Level 14.0 Shields
 - Level 24.2 Unarmed Combat
 - Level 16.0 Invocations
 * Level 18.1 Evocations


You had 25 spell levels left.
You didn't know any spells.
Your spell library contained the following spells:

 Spells                   Type           Power      Damage    Failure   Level
 Apportation              Tloc           0%         N/A       100%        1
 Kiss of Death            Conj/Necr      0%         2d5       100%        1
 Magic Dart               Conj           0%         1d3       100%        1
 Necrotise                Necr           0%         1d4       100%        1
 Sandblast                Erth           0%         2d4       100%        1
 Shock                    Conj/Air       0%         1d3       100%        1
 Slow                     Hex            0%         N/A       100%        1
 Blink                    Tloc           0%         N/A       100%        2
 Cigotuvi's Dreadful Rot  Necr/Pois/Air  0%         N/A       100%        2
 Ensorcelled Hibernation  Hex/Ice        0%         N/A       100%        2
 Momentum Strike          Conj/Tloc      0%         3d8       100%        2
 Passwall                 Tmut/Erth      0%         N/A       100%        2
 Poisonous Vapours        Pois/Air       0%         N/A       100%        2
 Searing Ray              Conj           0%         2d4       100%        2
 Confusing Touch          Hex            0%         N/A       100%        3
 Frozen Ramparts          Ice            0%         1d1       100%        3
 Gell's Gravitas          Tloc           0%         N/A       100%        3
 Hailstorm                Conj/Ice       0%         3d3       100%        3
 Inner Flame              Hex/Fire       0%         N/A       100%        3
 Mephitic Cloud           Conj/Pois/Air  0%         N/A       100%        3
 Stone Arrow              Conj/Erth      0%         3d7       100%        3
 Summon Guardian Golem    Hex/Summ       0%         N/A       100%        3
 Swiftness                Air            0%         N/A       100%        3
 Teleport Other           Tloc           0%         N/A       100%        3
 Tukima's Dance           Hex            0%         N/A       100%        3
 Vampiric Draining        Necr           0%         2d6       100%        3
 Vhi's Electric Charge    Tloc/Air       0%         N/A       100%        3
 Airstrike                Air            0%         2d(0-16)  100%        4
 Anguish                  Hex/Necr       0%         N/A       100%        4
 Animate Armour           Summ/Erth      0%         N/A       100%        4
 Cause Fear               Hex            0%         N/A       100%        4
 Dispel Undead            Necr           0%         3d6       100%        4
 Flame Wave               Conj/Fire      0%         2d4       100%        4
 Fulminant Prism          Conj/Hex       0%         3d5       100%        4
 Manifold Assault         Tloc           0%         N/A       100%        4
 Olgreb's Toxic Radiance  Pois           0%         N/A       100%        4
 Passage of Golubria      Tloc           0%         N/A       100%        4
 Sticky Flame             Conj/Fire      0%         2d3       100%        4
 Summon Ice Beast         Ice/Summ       0%         N/A       100%        4
 Summon Lightning Spire   Summ/Air       0%         N/A       100%        4
 Agony                    Necr           0%         N/A       100%        5
 Alistair's Intoxication  Tmut/Pois      0%         N/A       100%        5
 Borgnjor's Vile Clutch   Necr/Erth      0%         N/A       100%        5
 Summon Forest            Summ/Tloc      0%         N/A       100%        5
 Summon Mana Viper        Hex/Summ       0%         N/A       100%        5
 Yara's Violent Unravell  Hex/Tmut       0%         3d3       100%        5
 Dispersal                Tloc           0%         N/A       100%        6
 Iron Shot                Conj/Erth      0%         9d1       100%        6
 Summon Cactus Giant      Summ           0%         N/A       100%        6
 Orb of Destruction       Conj           0%         9d5       100%        7
 Ozocubu's Refrigeration  Ice            0%         4d7       100%        7
 Spellforged Servitor     Conj/Summ      0%         N/A       100%        7
 Ignition                 Fire           0%         3d3       100%        8
 Lehudib's Crystal Spear  Conj/Erth      0%         10d2      100%        8
 Maxwell's Capacitive Co  Air            0%         ∞         100%        8
 Dragon's Call            Summ           0%         N/A       100%        9
 Beastly Appendage        Tmut           Unusable   N/A       N/A         1
 Spider Form              Tmut/Pois      Unusable   N/A       N/A         3
 Animate Dead             Necr           Unusable   N/A       N/A         4
 Ice Form                 Ice/Tmut       Unusable   N/A       N/A         4
 Blade Hands              Tmut           Unusable   N/A       N/A         5
 Death Channel            Necr           Unusable   N/A       N/A         6
 Simulacrum               Ice/Necr       Unusable   N/A       N/A         6
 Dragon Form              Tmut           Unusable   N/A       N/A         7
 Storm Form               Tmut/Air       Unusable   N/A       N/A         7

Dungeon Overview and Level Annotations

Branches:
Dungeon (15/15)            Temple (0/1) D:5            Lair (5/5) D:9
 Shoals (4/4) Lair:3        Snake (4/4) Lair:3        Slime (0/5) Lair:5
    Orc (2/2) D:11            Elf (0/3) Orc:2        Vaults (5/5) D:14
  Crypt (0/3) Vaults:3     Depths (4/4) D:15            Zot (5/5) Depths:4
  Sewer (visited)         Gauntlet (visited)

Altars:
Cheibriados
Dithmenos
Fedhas
Gozag
Hepliaklqana
Kikubaaqudgha
Makhleb
Nemelex Xobeh
Okawaru
Qazlal
Sif Muna
Trog
Uskayaw
Vehumet
Xom
Yredelemnul

Shops:
D:2 :   D:3 :   D:8 **   D:9 *   D:11 [   Orc:2 (*(=*   Snake:2 ?   Snake:3 :
Vaults:2 [

Portals:
Hell: Lair:5 Depths:1 Depths:2 Depths:3 Depths:4
Abyss: Snake:2 Depths:2 Depths:3 Depths:4
Pandemonium: Depths:2 Depths:3
Ziggurat: Depths:3

Annotations:
D:11 2 runed translucent doors, mandoloar's ghost, novice GrEE
Lair:1 exclusion: downstairs
Lair:3 exclusion: downstairs
Snake:2 2 transporters
Vaults:4 2 transporters, exclusion: orange crystal statue
Depths:1 1 runed translucent door, exclusions: obsidian statue and 2 orange crystal statues


Innate Abilities, Weirdness & Mutations

You are immune to poison.
You have sharp fingernails.
Your flesh is cold resistant. (rC+)
You are immune to negative energy. (rN+++)
You do not regenerate when monsters are visible.
You are immune to unholy pain and torment.
You thrive by killing the living.


Message History

You feel yourself slow down.
There is a stone staircase leading up here.
Your spectral lorocyproca hits the Ice Fiend!!
You climb upwards.
There is a stone staircase leading down here.
(D) Dungeon (T) Temple (L) Lair (A) Shoals (P) Snake Pit (M) Slime Pits (O) Orcish Mines (E) Elven Halls (V) Vaults (C) Crypt (U) Depths (H) Hell (Z) Zot
Where to? (Enter - D:1, ? - help)
There is an escape hatch in the floor here.
There is an open door here.
There is an open door here.
There is a stone staircase leading up here.
You climb upwards.
There is a stone staircase leading down here.
HP restored.
There is a stone staircase leading up here.
You climb upwards.
There is a stone staircase leading down here.
There is a stone staircase leading up here.
You climb upwards.
There is a stone staircase leading down here.
There is a stone staircase leading up here.
You climb upwards.
There is a stone staircase leading down here.
There is an open door here.
There is a stone staircase leading up here.
You climb upwards.
There is a stone staircase leading down here.
There is a stone staircase leading up here.
You climb upwards.
There is a stone staircase leading down here.
Aiming: Dig
Press: ? - help, Shift-Dir - straight line You can't see that place. [the floor.]
The rock shatters into small pieces.
There is a staircase leading out of the dungeon here.
You have escaped!

..####.#.............# #.#
..####'#.######.####.# #.#
.........##........#.# #.########
........)#......##.#.# #........#
.......÷....#....#...# ########.#
..........#.#.##.#...# #.#
..............[..#...# #.#
..........#######.#### #.#
..........#####.@.#### #.#
######.#..##...8.8...# #.#
######+#..##.........# #.#
..........##.........### #.#
.......................# #.#
..........######..##.### #.#
>....................##########.#
##########.#######...........##.#
##########'#######...........##.#


There were no monsters in sight!

Vanquished Creatures
  A dread lich (Vaults:5)
  4 orbs of fire
  Mennas (Vaults:5)
  Margery (Vaults:3)
  Vashnia (Snake:4)
  3 caustic shrikes (Depths:4)
  7 golden dragons
  A bone dragon (Abyss:2)
  An electric golem (Zot:2)
  2 Hell Sentinels
  5 tentacled monstrosities
  16 Orb Guardians
  2 liches
  3 quicksilver dragons
  2 titans
  Gastronok (Lair:2)
  An Executioner (Depths:4)
  2 tentacled starspawn
  3 tengu reavers
  A sphinx (Depths:3)
  9 storm dragons
  2 death cobs (Zot:2)
  A draconian monk (Zot:2)
  5 shadow dragons
  5 nagarajas (Snake:4)
  7 frost giants
  3 draconian knights
  10 vault wardens
  A juggernaut zombie (Depths:3)
  Aizul (Vaults:1)
  An orc warlord (Vaults:4)
  3 spectral caustic shrikes (Depths:3)
  8 fire giants
  A ghost moth (Zot:3)
  A draconian scorcher (Zot:3)
  The ghost of Ganul the Bludgeoner, a journeyman DsGl of Hepliaklqana (D:15)
  12 ironbound preservers
  A draconian stormcaller (Zot:2)
  A ghoul (Vaults:3)
  A draconian shifter (Zot:2)
  17 very ugly things
  8 stone giants
  4 draconian annihilators
  2 spriggan defenders (Depths:3)
  The ghost of sircluck the Severer, a journeyman HOFi of Beogh (D:12)
  4 war gargoyles
  7 ironbound thunderhulks
  6 vampire knights
  A juggernaut skeleton (Depths:1)
  2 deep elf annihilators (Vaults:5)
  A minotaur (Gauntlet)
  8 dire elephants
  3 black draconians
  6 yellow draconians
  A red draconian (Zot:3)
  5 purple draconians
  A lorocyproca (D:8)
  7 white draconians
  Snorg (Orc:2)
  2 deep elf death magi (Vaults:5)
  A spark wasp (Depths:3)
  2 crystal guardians (Vaults:2)
  3 fire dragons
  2 entropy weavers
  10 ettins
  22 slime creatures
  5 merfolk impalers
  9 yaktaur captains
  4 great orbs of eyes
  A deep elf high priest (Vaults:5)
  18 vault guards
  5 hydras
  A salamander tyrant (Snake:4)
  3 ice dragons
  A hell beast (Lair:5)
  A merfolk avatar (Shoals:4)
  A rakshasa (Depths:1)
  2 ogre magi
  2 alligator snapping turtles
  4 peacekeepers
  A catoblepas (D:13)
  7 anacondas
  3 spriggan air magi
  5 ironbound frosthearts
  Erica (D:11)
  2 two-headed ogres
  A satyr (Shoals:2)
  A boulder beetle (shapeshifter) (Depths:4)
  4 boulder beetles
  13 naga warriors
  6 centaur warriors
  3 merfolk aquamancers
  8 death yaks
  4 deep troll shamans
  2 deep troll earth magi
  5 orc high priests (Orc:2)
  A vampire mage (Depths:2)
  A hell hog (Lair:5)
  10 shock serpents
  7 spriggan berserkers
  4 tengu warriors
  8 naga sharpshooters
  5 skysharks
  A deep elf knight (D:14)
  13 hell knights
  Lodul (D:11)
  3 shadow wraiths (Vaults:5)
  A death drake (Gauntlet)
  An iron troll (Depths:4)
  A sixfirhy (Depths:2)
  3 wretched stars (Abyss:2)
  2 salamander mystics (Snake:3)
  5 spriggan riders
  3 skeletal warriors (D:13)
  2 glowing orange brains
  A death drake (shapeshifter) (D:13)
  29 deep trolls
  7 sea snakes
  A flayed ghost (Depths:1)
  A shadow demon (Depths:2)
  2 phantasmal warriors (Vaults:5)
  6 wizards
  17 ironbound convokers
  4 naga ritualists
  8 orc knights
  6 mana vipers
  A shadow dragon zombie (Vaults:5)
  A spectral wolf spider (Gauntlet)
  2 lindwurms
  A deep elf pyromancer (D:13)
  6 harpies
  15 ugly things
  5 necromancers
  8 salamanders
  An orc sorcerer (Abyss:2)
  A tengu skeleton (Vaults:3)
  A deep elf zephyrmancer (D:15)
  6 elephants
  14 fauns
  8 manticores
  8 merfolk sirens
  A fire giant zombie (Depths:3)
  2 elf zombies
  11 moths of wrath
  4 cyclopes
  21 black mambas
  An iron dragon skeleton (Depths:3)
  17 naga magi
  A spectral centaur (Gauntlet)
  7 guardian serpents
  12 vault sentinels
  A demonic crawler (Depths:4)
  2 orange demons
  8 cane toads
  4 smoke demons
  2 efreet
  A kobold demonologist (D:13)
  2 rime drakes (Lair:5)
  8 komodo dragons
  3 tormentors
  21 yaktaurs
  4 tengu conjurers
  A sea snake zombie (Shoals:2)
  3 ancient zymes
  A redback zombie (Gauntlet)
  2 ice devils
  4 trolls
  A red devil (Lair:5)
  12 merfolk
  4 polar bears
  A death drake zombie (D:13)
  6 raiju (Abyss:2)
  4 blink frogs (Lair:5)
  4 wind drakes
  4 hornets
  2 dream sheep (Shoals:2)
  9 large abominations
  A spectral dream sheep (Lair:3)
  6 snapping turtles
  A vampire (D:11)
  3 shadows (Gauntlet)
  A spriggan (D:15)
  5 water elementals
  A wyvern (Lair:1)
  A fire bat (Lair:5)
  A human (D:14)
  23 hogs
  39 yaks
  A wraith (D:13)
  10 small abominations (Abyss:2)
  3 basilisks
  A redback (shapeshifter) (Abyss:2)
  A spectral komodo dragon (Lair:3)
  A steam dragon (D:9)
  3 neqoxecs
  28 nagas
  A chaos spawn (Gauntlet)
  3 deep troll zombies (Vaults:5)
  A merfolk zombie (Shoals:2)
  2 spectral cane toads (Lair:3)
  2 acid dragons
  7 water moccasins
  4 wargs
  A human zombie (Depths:3)
  11 orc warriors
  A skyshark zombie (Shoals:2)
  3 hell hounds (Lair:5)
  3 sky beasts (D:7)
  6 black bears
  5 wolves
  12 boggarts
  3 starcursed masses (Abyss:2)
  7 ogres
  5 centaurs
  A phantom (D:7)
  2 necrophages
  6 bullfrogs
  A glowing shapeshifter simulacrum (Vaults:3)
  4 scorpions
  A warg zombie (Vaults:5)
  A raiju zombie (Vaults:5)
  2 killer bees (D:9)
  2 electric eels
  3 howler monkeys
  2 quasits (Abyss:2)
  An iron imp (Abyss:2)
  5 hounds
  2 gnoll boudas (D:6)
  A jelly (D:7)
  25 orc priests
  Ijyb (D:4)
  3 hell rats
  3 iguanas
  12 orc wizards
  A naga zombie (Snake:2)
  17 gnolls
  An orc zombie (Vaults:5)
  3 adders
  4 river rats
  2 white imps
  An ufetubus (Abyss:2)
  2 worms
  2 dart slugs
  56 orcs
  5 ball pythons
  4 bats
  4 endoplasms
  9 giant cockroaches
  6 goblins
  16 hobgoblins
  9 jackals
  6 kobolds
  4 quokkas
  3 frilled lizards
  6 rats
  2 starspawn tentacles (Abyss:3)
1253 creatures vanquished.

Vanquished Creatures (collateral kills)
  An ancient lich (Vaults:5)
  A juggernaut (Depths:3)
  Sojobo (Depths:1)
  Bai Suzhen (Depths:1)
  Saint Roka (Depths:3)
  2 caustic shrikes (Depths:4)
  A curse toe (Zot:5)
  2 golden dragons
  A walking crystal tome (Depths:3)
  A tentacled monstrosity (Vaults:5)
  2 Orb Guardians (Zot:5)
  2 quicksilver dragons (Zot:2)
  3 titans
  4 liches
  The ghost of MrSquiggles the Slayer, an adept MiFi of Sif Muna (Snake:4)
  3 tengu reavers
  2 sphinxes
  3 storm dragons
  4 shadow dragons
  2 draconian monks
  A frost giant (Depths:3)
  3 nagarajas
  2 draconian knights (Zot:2)
  4 vault wardens
  A draconian scorcher (Zot:2)
  A spectral caustic shrike (Depths:3)
  2 draconian shifters
  Louise (Depths:2)
  8 stone giants
  A draconian stormcaller (Zot:2)
  A draconian annihilator (Zot:3)
  8 ironbound preservers
  The ghost of Ifaaq the Severer, a journeyman MiFi of Trog (Lair:3)
  7 ironbound thunderhulks
  A vampire knight (Depths:2)
  3 green draconians
  5 very ugly things
  A spectral human (Shoals:2)
  A deep elf annihilator (Vaults:5)
  5 red draconians
  2 dire elephants (Vaults:2)
  2 white draconians
  2 purple draconians
  3 merfolk impalers
  2 merfolk javelineers
  2 deep elf high priests
  7 fire dragons
  2 ettins
  5 yaktaur captains
  2 ice dragons
  14 vault guards
  A peacekeeper (Vaults:2)
  2 hydras
  2 merfolk avatars (Shoals:4)
  2 ironbound frosthearts
  5 rakshasas
  2 spriggan air magi (Depths:1)
  An ogre mage (D:14)
  A hell beast (Depths:1)
  7 anacondas
  An alligator snapping turtle (Shoals:4)
  A satyr (Shoals:4)
  A merfolk aquamancer (Shoals:4)
  4 centaur warriors
  A two-headed ogre (D:14)
  A boulder beetle (Lair:4)
  A tengu warrior (D:15)
  6 death yaks
  A death yak (shapeshifter) (Vaults:5)
  A thrashing horror (Abyss:3)
  2 deep troll earth magi (Depths:4)
  3 naga warriors
  A vampire mage (Depths:1)
  A deep troll shaman (Depths:1)
  2 orc high priests (Orc:2)
  A skyshark (Shoals:1)
  6 naga sharpshooters
  2 shock serpents
  5 hell knights
  A skeletal warrior (D:13)
  A spriggan rider (Depths:2)
  An iron troll (Depths:4)
  A flayed ghost (Vaults:5)
  A golden dragon zombie (Depths:4)
  15 deep trolls
  3 sea snakes
  4 harpies
  A deep elf archer (D:14)
  2 necromancers
  3 wizards
  2 naga ritualists
  3 ironbound convokers
  2 shadow dragon skeletons
  3 lindwurms
  3 phantasmal warriors (Vaults:5)
  An oklob plant (Lair:5)
  5 fauns
  4 orc knights
  2 frost giant zombies
  2 mana vipers
  6 ugly things
  A shining eye (Depths:3)
  A salamander (Snake:4)
  6 manticores
  A human skeleton (Vaults:4)
  3 cyclopes
  8 moths of wrath
  A stone giant zombie (Depths:4)
  A spectral centaur (Gauntlet)
  12 black mambas
  An elephant (Lair:5)
  A merfolk siren (Shoals:4)
  12 vault sentinels
  3 water nymphs
  6 naga magi
  An eye of devastation (Depths:3)
  2 guardian serpents (Snake:4)
  2 orange demons (Lair:5)
  3 cane toads
  2 freezing wraiths (Vaults:5)
  A kobold demonologist (D:10)
  A rime drake (Lair:5)
  4 komodo dragons
  10 yaktaurs
  A red devil (Lair:5)
  A human zombie (Vaults:5)
  An ice devil (Depths:2)
  A hellwing (Lair:5)
  9 merfolk
  A troll (D:14)
  5 hornets
  7 blink frogs (Lair:5)
  An elf zombie (Vaults:4)
  6 wind drakes
  A wind drake (shapeshifter) (Vaults:5)
  4 snapping turtles
  2 dream sheep
  A boulder beetle zombie (Lair:4)
  5 slime creatures
  8 spriggans
  3 water elementals (Shoals:1)
  A wraith (Vaults:3)
  16 yaks
  13 hogs
  2 fire bats (Lair:5)
  2 basilisks
  7 nagas
  A warg (Depths:3)
  8 water moccasins
  2 glowing shapeshifter skeletons
  2 floating eyes (Depths:3)
  A hell hound (Lair:5)
  4 orc warriors
  2 ogres (D:11)
  A hornet zombie (Depths:4)
  2 wolves (Lair:5)
  3 bullfrogs
  A killer bee (D:9)
  2 electric eels
  10 orc priests
  An iguana (D:4)
  2 orc wizards (Vaults:5)
  2 hell rats (Lair:5)
  Robin (D:4)
  2 gnolls (D:6)
  An adder (D:6)
  39 orcs
  2 hobgoblins (D:4)
  3 kobolds (D:13)
  A goblin (D:4)
  A butterfly (D:5)
  A plant (Shoals:1)
544 creatures vanquished.

Vanquished Creatures (others)
  A draconian knight (Zot:5)
  A spectral ogre (Vaults:1)
  3 spectral tentacled monstrosities
  3 caustic shrike zombies (Depths:4)
  Nessos (D:13)
  A spectral golden dragon (Zot:3)
  A vampire knight (Depths:2)
  A spectral orc (Vaults:3)
  4 very ugly thing zombies
  A vault guard (Vaults:5)
  3 Orb Guardian zombies (Zot:5)
  A spectral Executioner (Depths:4)
  3 spectral humans
  A titan zombie (Vaults:4)
  6 storm dragon zombies
  4 golden dragon zombies
  An anaconda zombie (Snake:4)
  A sphinx zombie (Depths:3)
  A shadow dragon zombie (Vaults:5)
  An ironbound convoker (Vaults:1)
  2 wizards
  A hell hog zombie (Lair:5)
  4 ugly thing zombies
  6 draconian zombies
  2 stone giant zombies (Vaults:5)
  3 fire giant zombies
  2 frost giant zombies
  A dire elephant zombie (Vaults:4)
  A spectral merfolk (Vaults:1)
  2 shock serpent zombies
  2 spectral rakshasas (Depths:1)
  3 elf zombies (Vaults:5)
  2 red draconian zombies
  A black draconian zombie (Zot:5)
  2 white draconian zombies
  2 purple draconian zombies (Zot:2)
  2 sea snake zombies
  A death yak zombie (Vaults:5)
  A spectral glowing orange brain (Depths:3)
  3 yellow draconian zombies (Zot:2)
  A mana viper zombie (Snake:3)
  A harpy zombie (Shoals:1)
  6 moth of wrath zombies
  A spectral demonspawn (Lair:4)
  A raiju (shapeshifter) (Vaults:5)
  3 merfolk zombies
  5 guardian serpent zombies (Snake:4)
  2 spectral floating eyes
  2 ettin zombies
  8 spriggan zombies
  A boulder beetle zombie (Lair:2)
  6 black mamba zombies
  5 slime creature zombies
  2 wind drake zombies
  A hog (Orc:2)
  A spectral ice devil (Lair:5)
  A spectral tormentor (Depths:2)
  2 salamander zombies (Snake:3)
  9 deep troll zombies
  3 tengu zombies
  A faun zombie (Shoals:4)
  A water nymph zombie (Shoals:4)
  2 fire bat zombies (Lair:5)
  A floating eye (Depths:2)
  2 cane toad zombies (Lair:2)
  A spectral smoke demon (Abyss:2)
  4 hornet zombies
  A spectral efreet (D:14)
  3 blink frog zombies (Lair:5)
  2 manticore zombies (Shoals:4)
  37 human zombies
  A snapping turtle zombie (Shoals:4)
  5 hog zombies
  A spectral chaos spawn (Gauntlet)
  A spectral neqoxec (Abyss:2)
  12 yaktaur zombies
  A komodo dragon zombie (Lair:5)
  2 water moccasin zombies
  5 yak zombies
  A troll zombie (Vaults:5)
  2 raiju zombies (Abyss:2)
  5 bullfrog zombies
  5 centaur zombies
  A kobold zombie (D:13)
  A scorpion zombie (Lair:3)
  6 boggart zombies
  A killer bee zombie (D:9)
  4 ogre zombies
  10 naga zombies
  2 spectral quasits (Abyss:2)
  A white imp (Abyss:2)
  A spectral white imp (Abyss:2)
  An orc (Vaults:5)
  A bat zombie (D:3)
  A jackal (D:2)
  2 ball python zombies
  A giant cockroach zombie (D:4)
  7 gnoll zombies
  A goblin zombie (D:4)
  4 hobgoblin zombies (D:4)
  2 jackal zombies (D:4)
  43 orc zombies
  2 demonic plants (Gauntlet)
  106 fungi
  A lurking horror (Abyss:2)
  294 plants
  5 starspawn tentacles
737 creatures vanquished.

Grand Total: 2534 creatures vanquished

Notes
Turn   | Place    | Note
-------+----------+-------------------------------------------
     0 | D:1      | Monkooky the Ghoul Artificer began the quest for the Orb.
     0 | D:1      | Reached XP level 1. HP: 16/16 MP: 0/0
    57 | D:1      | You fall into a shaft and drop 1 floor!
    82 | D:2      | Reached skill level 1 in Unarmed Combat
   133 | D:1      | Reached XP level 2. HP: 22/23 MP: 1/1
   198 | D:1      | Reached skill level 2 in Unarmed Combat
   629 | D:1      | Reached XP level 3. HP: 26/28 MP: 2/2
   670 | D:1      | Reached skill level 3 in Unarmed Combat
  1171 | D:2      | Found Lutig's Book Boutique.
  1548 | D:3      | Found a hide-covered altar of Uskayaw.
  1550 | D:3      | Found a shadowy altar of Dithmenos.
  1653 | D:3      | Found a sparkling altar of Nemelex Xobeh.
  1653 | D:3      | Found an opulent altar of Gozag.
  1689 | D:3      | Found a basalt altar of Yredelemnul.
  1695 | D:3      | Became a worshipper of Yredelemnul the Dark
  1718 | D:3      | Found a shimmering blue altar of Sif Muna.
  1756 | D:3      | Found a blossoming altar of Fedhas.
  1796 | D:3      | Found a radiant altar of Vehumet.
  1836 | D:3      | Reached skill level 4 in Unarmed Combat
  1836 | D:3      | Reached XP level 4. HP: 35/35 MP: 3/3
  2077 | D:3      | Found Kebboch's Book Shop.
  2346 | D:3      | Reached * piety under Yredelemnul
  2403 | D:3      | Reached skill level 5 in Unarmed Combat
  2403 | D:3      | Reached XP level 5. HP: 14/40 MP: 4/4
  2592 | D:3      | Found a faded altar of an unknown god.
  2893 | D:4      | Noticed an ogre
  2902 | D:4      | Killed an ogre
  2903 | D:4      | Reached skill level 6 in Unarmed Combat
  2903 | D:4      | Reached XP level 6. HP: 42/47 MP: 5/5
  3046 | D:4      | Noticed Robin
  3061 | D:4      | Killed Robin
  3076 | D:4      | Reached ** piety under Yredelemnul
  3076 | D:4      | Reached skill level 7 in Unarmed Combat
  3077 | D:4      | Your ally Robin died
  3147 | D:4      | Reached XP level 7. HP: 16/55 MP: 5/7
  3846 | D:4      | Noticed Ijyb
  3854 | D:4      | Killed Ijyb
  3970 | D:4      | Found a shimmering altar of Xom.
  3971 | D:4      | Found a shimmering altar of Xom.
  3972 | D:4      | Found a shimmering altar of Xom.
  3975 | D:4      | Found a shimmering altar of Xom.
  4332 | D:5      | Entered Level 5 of the Dungeon
  4375 | D:5      | Reached XP level 8. HP: 51/67 MP: 8/8
  4959 | D:5      | Found a staircase to the Ecumenical Temple.
  4974 | D:5      | Reached *** piety under Yredelemnul
  5765 | D:6      | Found a glowing drain.
  5771 | Sewer    | Entered a sewer
  6002 | D:6      | Reached skill level 5 in Invocations
  6092 | D:6      | Found a hazy altar of Hepliaklqana.
  6268 | D:6      | Reached skill level 5 in Fighting
  6279 | D:6      | Reached skill level 8 in Unarmed Combat
  6330 | D:6      | Noticed a yak
  6330 | D:6      | Noticed a yak
  6333 | D:6      | Noticed a yak
  6336 | D:6      | Noticed a yak
  6337 | D:6      | Killed a yak
  6338 | D:6      | Noticed a yak
  6340 | D:6      | Killed a yak
  6341 | D:6      | Reached XP level 9. HP: 75/75 MP: 12/12
  6343 | D:6      | Reached skill level 9 in Unarmed Combat
  6771 | D:6      | Noticed a boulder beetle
  6805 | D:6      | Killed a boulder beetle
  6806 | D:6      | Reached skill level 10 in Unarmed Combat
  7349 | D:7      | Reached XP level 10. HP: 86/91 MP: 13/13
  7442 | D:7      | Reached skill level 15 in Unarmed Combat
  7442 | D:7      | Reached XP level 11. HP: 97/97 MP: 14/14
  7511 | D:7      | Reached skill level 1 in Dodging
  7817 | D:8      | Found Xioraeh's Changing Room.
  7846 | D:8      | Noticed a two-headed ogre
  7857 | D:8      | a two-headed ogre changed into an elephant
  7865 | D:8      | Reached skill level 1 in Shields
  8308 | D:8      | Reached **** piety under Yredelemnul
  8417 | D:8      | Found a snail-covered altar of Cheibriados.
  8522 | D:8      | Found Deowagem's General Store.
  8544 | D:8      | Bought a potion of degeneration for 11 gold pieces
  8617 | D:9      | Found Suomokis's General Store.
  8705 | D:9      | Found a stormy altar of Qazlal.
  9052 | D:9      | Found a staircase to the Lair.
  9391 | D:10     | Entered Level 10 of the Dungeon
  9480 | Lair:1   | Entered Level 1 of the Lair of Beasts
  9573 | Lair:1   | Reached skill level 10 in Fighting
  9785 | Lair:1   | Noticed a six-headed hydra
  9792 | Lair:1   | Killed a six-headed hydra
 10166 | Lair:1   | Reached XP level 12. HP: 99/110 MP: 15/15
 10485 | Lair:2   | Noticed a boulder beetle
 10500 | Lair:2   | Killed a boulder beetle
 10833 | Lair:2   | Noticed Gastronok
 10849 | Lair:2   | Killed Gastronok
 11069 | Lair:2   | Reached skill level 5 in Armour
 11319 | Lair:2   | Noticed a death yak
 11321 | Lair:2   | Noticed a death yak
 11321 | Lair:2   | Noticed a death yak
 11323 | Lair:2   | Noticed a skyshark
 11325 | Lair:2   | Noticed a death yak
 11328 | Lair:2   | Killed a death yak
 11329 | Lair:2   | Reached ***** piety under Yredelemnul
 11336 | Lair:2   | Killed a skyshark
 11337 | Lair:2   | Reached skill level 5 in Dodging
 11337 | Lair:2   | Killed a death yak
 11341 | Lair:2   | Killed a death yak
 11344 | Lair:2   | Killed a death yak
 11345 | Lair:2   | Reached ****** piety under Yredelemnul
 11614 | Lair:2   | Noticed Amaemon
 11629 | Lair:2   | Killed Amaemon
 11629 | Lair:2   | Enslaved Amaemon
 12426 | Lair:3   | Reached XP level 13. HP: 119/123 MP: 16/16
 12542 | Lair:3   | Found a runed translucent gate.
 12542 | Lair:3   | Found a runed translucent gate.
 12542 | Lair:3   | Found a runed translucent gate.
 12543 | Lair:3   | Noticed Ifaaq's ghost (journeyman MiFi)
 12765 | Lair:3   | Found a staircase to the Shoals.
 13159 | Lair:3   | Found a staircase to the Snake Pit.
 13497 | Lair:3   | Killed Ifaaq's ghost
 13706 | Lair:4   | Noticed Kirke
 13853 | Lair:4   | Your ally Amaemon died
 14542 | Lair:4   | Killed Kirke
 14542 | Lair:4   | Enslaved Kirke
 15196 | D:10     | Found a bloodstained altar of Trog.
 16013 | D:11     | Found a staircase to the Orcish Mines.
 16048 | D:11     | Found a runed translucent door.
 16051 | D:11     | Found a runed translucent door.
 16053 | D:11     | Noticed a lich
 16100 | D:11     | Noticed Lodul
 16120 | D:11     | Killed Lodul
 16169 | D:11     | Found Hyschaku's Armour Emporium.
 16234 | D:11     | Reached skill level 16 in Unarmed Combat
 16667 | D:11     | Noticed Harold
 16668 | D:11     | Harold changed into Harold the hog
 16668 | D:11     | Noticed Harold
 16673 | D:11     | Killed Harold the hog
 16679 | D:11     | Noticed Erica
 16686 | D:11     | Killed Erica
 16687 | D:11     | Reached XP level 14. HP: 94/133 MP: 19/19
 16834 | D:11     | Noticed mandoloar's ghost (novice GrEE)
 17308 | D:11     | Noticed a juggernaut
 17310 | D:11     | a juggernaut changed into a shard shrike
 17310 | D:11     | Noticed a shard shrike (glowing shapeshifter)
 17447 | D:8      | Bought a scroll of torment for 104 gold pieces
 17447 | D:8      | Bought the +13 plate armour of Wefeih {rPois rC+ rCorr} for
                  | 1190 gold pieces
 17447 | D:8      | Bought a scroll of vulnerability for 44 gold pieces
 17650 | Lair:5   | Entered Level 5 of the Lair of Beasts
 17873 | Lair:5   | Reached skill level 17 in Unarmed Combat
 18062 | Lair:5   | Reached skill level 18 in Unarmed Combat
 18116 | Lair:5   | Found a staircase to the Slime Pits.
 18711 | Lair:5   | Reached skill level 19 in Unarmed Combat
 18712 | Lair:5   | Found a burning altar of Makhleb.
 18736 | Lair:5   | Found a gateway to Hell.
 19191 | Orc:1    | Entered Level 1 of the Orcish Mines
 19225 | Orc:1    | Reached skill level 15 in Fighting
 19396 | Orc:2    | Entered Level 2 of the Orcish Mines
 19756 | Orc:2    | Found Nuasmics's Assorted Antiques.
 19756 | Orc:2    | Found Hyogg's Weapon Boutique.
 19760 | Orc:2    | Bought a dark potion for 30 gold pieces
 19787 | Orc:2    | Reached XP level 15. HP: 103/141 MP: 18/20
 19884 | Orc:2    | Found a staircase to the Elven Halls.
 19962 | Orc:2    | Noticed Snorg
 19975 | Orc:2    | Killed Snorg
 20061 | Orc:2    | Found Zij Ymol's Jewellery Emporium.
 20061 | Orc:2    | Found Qyc Hoxt's Antique Weapon Boutique.
 20083 | Orc:2    | Found Colu's General Store.
 20097 | Orc:2    | Bought a potion of haste for 140 gold pieces
 20377 | Orc:2    | Found an iron altar of Okawaru.
 21063 | D:12     | Found a runed translucent gate.
 21064 | D:12     | Found a runed translucent gate.
 21065 | D:12     | Found a runed translucent gate.
 21065 | D:12     | Noticed sircluck's ghost (journeyman HOFi)
 21162 | D:12     | Identified the +0 leather armour "Ywic" {rC+}
 21200 | D:12     | Reached skill level 10 in Invocations
 21707 | D:12     | Killed sircluck's ghost
 21732 | D:12     | Identified the +1 war axe "Eklamuoj" {speed, rC+}
 21869 | D:13     | Noticed Erolcha
 21871 | D:13     | Noticed Nessos
 21883 | D:13     | Noticed Erolcha
 21886 | D:13     | Killed Nessos
 21889 | D:13     | Killed Erolcha the hog
 22359 | D:13     | Your ally Nessos died
 23066 | Snake:1  | Entered Level 1 of the Snake Pit
 23498 | Snake:1  | Reached skill level 20 in Unarmed Combat
 23868 | Snake:2  | Found a transporter.
 24010 | Snake:2  | Reached XP level 16. HP: 148/152 MP: 22/22
 24172 | Snake:2  | Found a transporter.
 24178 | Snake:2  | Found a one-way gate to the infinite horrors of the Abyss.
 24215 | Snake:2  | Reached skill level 5 in Shields
 24272 | Snake:2  | Found Huhisu's Magic Scroll Emporium.
 24517 | Snake:2  | Noticed a nagaraja
 24528 | Snake:2  | Killed a nagaraja
 24683 | Snake:2  | Noticed an Executioner
 25381 | Snake:3  | Found Guig's Book Boutique.
 25935 | Snake:3  | Reached skill level 10 in Shields
 26257 | Snake:3  | Found a sparkling altar of Nemelex Xobeh.
 26469 | Snake:4  | Entered Level 4 of the Snake Pit
 26579 | Snake:4  | Noticed a nagaraja
 26586 | Snake:4  | Killed a nagaraja
 26590 | Snake:4  | Reached XP level 17. HP: 121/160 MP: 23/23
 26879 | Snake:4  | Noticed Vashnia
 26916 | Snake:4  | Killed Vashnia
 26962 | Snake:4  | Got a serpentine rune of Zot
 27391 | Snake:4  | Found a runed translucent door.
 27391 | Snake:4  | Noticed MrSquiggles's ghost (adept MiFi)
 27569 | Snake:4  | Identified the +2 trident of Eternal Harmony {antimagic,
                  | rC+ Int+2 Dex-2}
 28105 | Snake:4  | Killed MrSquiggles's ghost
 28437 | Shoals:1 | Entered Level 1 of the Shoals
 28906 | Shoals:1 | Identified the +5 ring mail of Vanyasch {rN+ Regen+ Str-3
                  | Dex+3}
 29320 | Shoals:1 | You fall into a shaft and drop 1 floor!
 29326 | Shoals:2 | Reached XP level 18. HP: 159/170 MP: 21/24
 29357 | Shoals:2 | Your ally Kirke died
 30220 | Shoals:3 | Reached skill level 21 in Unarmed Combat
 30777 | Shoals:4 | Entered Level 4 of the Shoals
 31915 | Shoals:4 | Got a barnacled rune of Zot
 32323 | D:14     | Identified the ring of Kamem {rC++ Slay+4}
 32931 | D:14     | Found a gate to the Vaults.
 33137 | D:15     | Entered Level 15 of the Dungeon
 33191 | D:15     | Reached skill level 22 in Unarmed Combat
 33217 | D:15     | Found a runed translucent door.
 33217 | D:15     | Noticed Ganul's ghost (journeyman DsGl)
 33226 | D:15     | Found a staircase to the Depths.
 33306 | D:15     | Identified the +0 spear of Lidaocecs {spect, rPois rC+
                  | Will+}
 33357 | D:15     | Found a gate leading to a gauntlet.
 33367 | Gauntlet | Entered a Gauntlet
 33367 | Gauntlet | Found a transporter.
 33380 | Gauntlet | Found a transporter.
 33391 | Gauntlet | Found a transporter.
 33396 | Gauntlet | Found a transporter.
 33411 | Gauntlet | Found a transporter.
 33430 | Gauntlet | Found a transporter.
 33442 | Gauntlet | Found a transporter.
 33454 | Gauntlet | Found a transporter.
 33469 | Gauntlet | Found a transporter.
 33478 | Gauntlet | Found a transporter.
 33495 | Gauntlet | Found a transporter.
 33513 | Gauntlet | Found a transporter.
 33515 | Gauntlet | Found a transporter.
 33540 | Gauntlet | Found a transporter.
 33542 | Gauntlet | Found a transporter.
 33562 | Gauntlet | Found a transporter.
 33640 | Gauntlet | Found a transporter.
 33660 | Gauntlet | Found a transporter.
 33776 | Gauntlet | Reached XP level 19. HP: 182/182 MP: 25/25
 33919 | Gauntlet | Identified the ring "Tota" {rElec rC++ AC+4 Dex+4}
 33946 | Gauntlet | Identified the ring of the Sun {Wiz Stlth+}
 33961 | Gauntlet | Got the Compilation of Suicidal Tendencies
 34656 | D:15     | Killed Ganul's ghost
 34873 | Vaults:1 | Entered Level 1 of the Vaults
 34957 | Vaults:1 | Noticed Aizul
 35013 | Vaults:1 | Killed Aizul
 35018 | Vaults:1 | Reached skill level 10 in Armour
 36427 | Vaults:1 | Paralysed by a sphinx for 5 turns
 36534 | Vaults:1 | Reached XP level 20. HP: 179/191 MP: 26/26
 37132 | Vaults:2 | Reached skill level 10 in Dodging
 37132 | Vaults:2 | Found Fierros's Antique Armour Boutique.
 37146 | Vaults:2 | Bought a pair of glowing boots for 202 gold pieces
 38761 | Vaults:3 | Noticed Margery
 38765 | Abyss:2  | Cast into level 2 of the Abyss (a wizard)
 38943 | Abyss:2  | Noticed a bone dragon
 38968 | Abyss:2  | Killed a bone dragon
 39005 | Vaults:3 | Escaped the Abyss
 39298 | Vaults:3 | Killed Margery
 39655 | Vaults:3 | Reached XP level 21. HP: 200/200 MP: 28/28
 39655 | Vaults:3 | Reached skill level 23 in Unarmed Combat
 39655 | Vaults:3 | Reached XP level 22. HP: 207/207 MP: 29/29
 39767 | Vaults:3 | Noticed Zenata
 39789 | Vaults:3 | Killed Zenata
 39789 | Vaults:3 | Enslaved Zenata
 40213 | Vaults:3 | Found a staircase to the Crypt.
 40548 | Depths:1 | Entered Level 1 of the Depths
 40624 | Depths:1 | Noticed Bai Suzhen
 40644 | Depths:1 | Killed Bai Suzhen
 40646 | Depths:1 | Noticed Sojobo
 40658 | Depths:1 | Killed Sojobo
 40661 | Abyss:3  | Cast into level 3 of the Abyss (a wizard)
 40759 | Depths:1 | Escaped the Abyss
 40959 | Depths:1 | Found the ring of the Mage {Wiz Archmagi}
 41019 | Depths:1 | Found a runed translucent door.
 41257 | Depths:2 | Found a one-way gate leading to the halls of Pandemonium.
 41358 | Depths:2 | Paralysed by a floating eye for 2 turns
 41379 | Depths:2 | Reached skill level 15 in Invocations
 41992 | Depths:2 | Found an opulent altar of Gozag.
 42056 | Depths:2 | Noticed Louise
 42063 | Depths:2 | Killed Louise
 42091 | Depths:2 | Your ally Louise died
 42441 | Depths:3 | Noticed Saint Roka
 42451 | Depths:3 | Killed Saint Roka
 42652 | Depths:3 | Noticed a golden dragon
 42665 | Depths:3 | Killed a golden dragon
 42672 | Depths:3 | Found a one-way gateway to a ziggurat.
 42675 | Depths:3 | Paralysed by a floating eye for 2 turns
 42856 | Depths:3 | Reached XP level 23. HP: 218/218 MP: 34/34
 43096 | Depths:3 | Noticed a juggernaut
 43102 | Depths:3 | Killed a juggernaut
 43120 | Depths:3 | Your ally Zenata died
 43695 | Vaults:4 | Found a transporter.
 43706 | Vaults:4 | Found a transporter.
 43944 | Vaults:4 | Noticed Donald
 43959 | Vaults:4 | Killed Donald
 43959 | Vaults:4 | Enslaved Donald
 44639 | Vaults:4 | Reached skill level 5 in Evocations
 44681 | Vaults:4 | Identified the +4 falchion of Mefahisch {flame, rCorr Str+5
                  | Int-5 Dex+2}
 44953 | Vaults:5 | Entered Level 5 of the Vaults
 44953 | Vaults:5 | Noticed a golden dragon
 44958 | Vaults:5 | Killed a golden dragon
 44959 | Vaults:5 | Identified the +1 robe "Dirydiaf" {Fly}
 45037 | Vaults:5 | Identified the +2 ring mail of the Archfiend {Int+2}
 45054 | Vaults:5 | Got the Papyrus of the Squall and Moulding
 45068 | Vaults:5 | Got the Incunabulum of the Destructive Retinue
 45069 | Vaults:5 | Identified the +5 long sword of Defiance {pain, rC+}
 45073 | Vaults:5 | Identified the +1 chain mail "Dawneub" {Regen+ Str+4}
 45261 | Vaults:5 | Identified the amulet of Gixank {Faith rPois Regen+ Dex-4}
 45305 | Vaults:5 | Noticed a golden dragon
 45311 | Vaults:5 | Killed a golden dragon
 45317 | Vaults:5 | Reached XP level 24. HP: 228/233 MP: 34/34
 45325 | Vaults:5 | Noticed an ancient lich
 45334 | Vaults:5 | Killed an ancient lich
 45353 | Vaults:5 | Reached skill level 10 in Evocations
 45376 | Vaults:5 | Identified the ring of Cynicism {rF- Will+ Dex+7}
 45436 | Vaults:5 | Noticed Mennas
 45457 | Vaults:5 | Your ally Donald died
 45465 | Vaults:5 | Killed Mennas
 45495 | Vaults:5 | Upgraded the game from 0.30-a0-800-g7c544603b3 to
                  | 0.30-a0-802-gb92711bcdf
 45735 | Vaults:5 | Noticed a dread lich
 45742 | Vaults:5 | Identified the ring of Midsummer {Drain rPois MP+9 SInv}
 45747 | Vaults:5 | Paralysed by a dread lich for 4 turns
 45756 | Vaults:5 | Killed a dread lich
 45830 | Vaults:5 | Reached skill level 24 in Unarmed Combat
 46123 | Vaults:5 | Got a silver rune of Zot
 46186 | Vaults:5 | Identified the +6 scale mail of Fashionability {Stlth+}
 47139 | Depths:4 | Entered Level 4 of the Depths
 47219 | Depths:4 | Noticed a caustic shrike
 47220 | Depths:4 | Noticed a caustic shrike
 47220 | Depths:4 | Noticed a caustic shrike
 47220 | Depths:4 | Noticed a caustic shrike
 47220 | Depths:4 | Noticed a caustic shrike
 47227 | Depths:4 | Killed a caustic shrike
 47227 | Depths:4 | Killed a caustic shrike
 47231 | Depths:4 | Killed a caustic shrike
 47232 | Depths:4 | Killed a caustic shrike
 47234 | Depths:4 | Killed a caustic shrike
 47977 | Depths:4 | Reached XP level 25. HP: 231/243 MP: 32/34
 48245 | Depths:4 | Found a gate to the Realm of Zot.
 49090 | Zot:1    | Entered Level 1 of the Realm of Zot
 50312 | Zot:3    | Noticed an orb of fire
 50330 | Zot:3    | Killed an orb of fire
 50331 | Zot:3    | Reached skill level 15 in Evocations
 50331 | Zot:3    | Noticed an orb of fire
 50743 | Zot:4    | Noticed an orb of fire
 50755 | Zot:4    | Killed an orb of fire
 52221 | Zot:3    | Killed an orb of fire
 52474 | Zot:5    | Entered Level 5 of the Realm of Zot
 52637 | Zot:5    | Found an ancient bone altar of Kikubaaqudgha.
 53064 | Zot:5    | Reached XP level 26. HP: 241/251 MP: 34/34
 53094 | Zot:5    | Noticed an orb of fire
 53097 | Zot:5    | Noticed an orb of fire
 53102 | Zot:5    | Noticed an ancient lich
 53104 | Zot:5    | Noticed a Killer Klown
 53104 | Zot:5    | Noticed a dread lich
 53104 | Zot:5    | Noticed an orb of fire
 53104 | Zot:5    | Noticed an orb of fire
 53109 | Zot:5    | Got the Orb of Zot
 53111 | Zot:5    | Noticed an orb of fire
 53114 | Zot:5    | Noticed a Killer Klown
 53116 | Zot:5    | Noticed an orb of fire
 53118 | Zot:5    | Noticed a Killer Klown
 53120 | Zot:5    | Noticed an orb of fire
 53129 | Zot:5    | Killed an orb of fire
 53135 | Zot:5    | Noticed an orb of fire
 53458 | Depths:1 | Noticed Ziso Mui the pandemonium lord
 53602 | D:9      | Noticed Momudaogaph the pandemonium lord
 53764 | D:$      | Escaped with the Orb!

Illustrated notes

Levels and vault maps discovered:
D:1:      mrwooster_arrival_statue, layout_basic, minmay_statues_item,
          minivault_19
D:2:      layout_rooms, serial_shops, shop, minmay_tromino_v4_c
D:3:      minmay_evil_eye, layout_basic, grunt_temple_overflow_opulence,
          yredelemnul_altar_generic, jmf_multi_god_temple,
          nicolae_overflow_hidden_temple, lemuel_tele_altar, fedhas_altar_3,
          chequers_temple_overflow_statue_of_worship, serial_shops,
          nicolae_shop_waterfront, chequers_ecumenical_altar_twisty,
          kennysheep_generic_room_9
D:4:      layout_layer_cave, xom_redecorated, uniq_ijyb, uniq_robin
D:5:      layout_layer_cave, minmay_temple_entry_butterflies, chequers_big_river
D:6:      layout_loops_ring, lemuel_doored_altar, gup_sewer_entry_spiral,
          chequers_jeans
D:7:      layout_basic
D:8:      layout_cave_pools, mainiacjoe_overflow_brackets, serial_shops,
          nicolae_lakefront_shop, special_room [special_room_orc],
          nicolae_transmutations_shop
D:9:      layout_long_grid, nicolae_qazlal_general_emergency,
          grunt_lair_entry_orc_guard_hut, serial_shops, shop
D:10:     layout_basic, bloody_trog, nicolae_concentric_dashed_squares_mild
D:11:     layout_grid_maze, david_orc_2, serial_shops, nicolae_diamond_shop,
          muffindrake_ghost_dual_entry, fungi_pond_lemuel, uniq_harold,
          uniq_lodul, uniq_erica
D:12:     layout_rooms, gammafunk_ghost_hydra_chop, serial_curves,
          eino_curves_02, eino_curves_04
D:13:     layout_irregular_city, uniq_nessos, uniq_erolcha
D:14:     layout_loops_ring, grunt_vaults_entry_fortified
D:15:     hangedman_depths_entry_civil_slaughter, layout_loops_corners,
          hangedman_decor_clover_reticule, ebering_ghost_funeral_grove,
          gauntlet_entry_generic
Lair:1:   layout_regular_city, grunt_megastairs_2
Lair:2:   layout_regular_city, columned_hall_lemuel, lemuel_fruit_tree,
          grunt_megastairs_1, infiniplex_staircase_pool, uniq_amaemon,
          uniq_gastronok
Lair:3:   layout_layer_cave, elwin_shoals_entry_rooms,
          nicolae_snake_entry_squirm, gammafunk_ghost_necromancy
Lair:4:   layout_small_grid, nzn_sisyphean_effort, grunt_megastairs_5,
          serial_bayou_shore_b, uniq_kirke
Lair:5:   evil_forest, layout_gridlike, minmay_slime_entry_oklob_enclosed
Shoals:1: layout_shoals
Shoals:2: layout_shoals
Shoals:3: layout_shoals
Shoals:4: shoals_end_hangedman, layout_shoals
Snake:1:  layout_onion_interference, nicolae_snake_gridmaze_tees,
          nicolae_triple_integral
Snake:2:  layout_cave_town, gammafunk_ghost_abyssal_escape, serial_shops,
          nicolae_shop_stone, serial_bayou_shore_a
Snake:3:  layout_basic, serial_shops, shop, basic_altar, serial_bayou_lagoon_a
Snake:4:  grunt_snake_rune_serpentine_throne, layout_cave_town,
          ebering_ghost_inner_flame
Orc:1:    layout_diamond_mine
Orc:2:    st_orc_town, layout_caves, serial_shops, shop,
          nicolae_orc_sculptors_studio, david_defended_altar_orc, uniq_snorg
Vaults:1: vaults_dpeg_encased_lava, st_spiral_rooms, hangedman_vaults_maws,
          vaults_dpeg_ring, ontoclasm_vaults_ring_square,
          nicolae_vaults_network_periphery, nicolae_vaults_network_quinsquares
          [nicolae_vaults_network_quincunx_subvault,
          nicolae_vaults_network_quincunx_subvault,
          nicolae_vaults_network_quincunx_subvault,
          nicolae_vaults_network_quincunx_subvault],
          nicolae_vaults_circle_grid_a, nicolae_vaults_network_star,
          ontoclasm_vaults_fault, dpeg_vaults_monster_box, v_misc_33,
          vaults_dpeg_diagonal, ontoclasm_vaults_ligature,
          layout_vaults_omnicross, uniq_aizul
Vaults:2: grunt_vaults_funnel, v_alt_pattern_6, nicolae_vaults_network_square,
          v_misc_2, v_misc_24, vaults_room_pools, ontoclasm_vaults_gateway,
          layout_vaults_omnigrid, serial_shops, nicolae_shop_stone
Vaults:3: vaults_room_octagon, v_misc_15, vaults_mumra_minichess,
          grunt_vaults_trifunnel, minmay_crypt_entry_simple_walls,
          vaults_room_pools, vaults_standard_mumra_x, v_misc_30,
          nicolae_vaults_network_s, nicolae_vaults_ring_of_whatevers,
          hangedman_vaults_trim, vaults_room_pools, v_alt_pattern_4,
          layout_vaults_maze_snakey, uniq_margery, uniq_zenata
Vaults:4: v_misc_5, ontoclasm_vaults_spin, gammafunk_sealed_arena,
          vaults_room_grid, ontoclasm_vaults_decontamination,
          dpeg_vaults_monster_row, hangedman_vaults_capsules, v_misc_12,
          v_misc_13, vaults_mumra_hexcomb, ontoclasm_vaults_ring_square,
          nicolae_vaults_rhombus_6, ontoclasm_vaults_shuriken,
          nicolae_vaults_hallways_thing, layout_vaults_omnibox, uniq_donald
Vaults:5: uniq_mennas
Depths:1: layout_big_octagon, grunt_metal_band, minmay_guarded_unrand_mage,
          uniq_bai_suzhen, uniq_sojobo
Depths:2: wad_guarded_room, layout_gridlike,
          nicolae_abyss_entry_one_way_or_another,
          nicolae_gozag_cash_rules_everything_around_me, pf_coc_iceberg,
          rand_demon_pan_entry_5
Depths:3: minmay_stepped, layout_honeycomb, enter_ziggurat_c, abyss_entry,
          serial_sigils, serial_sigils_hangedman_scratch,
          serial_sigils_hangedman_snap, serial_sigils_hangedman_scar,
          serial_sigils_hangedman_gnaw, serial_sigils_hangedman_writhe,
          serial_sigils_hangedman_carve, pan_entry, pf_hell_entry_tar_river,
          minmay_staircase_statues, uniq_saint_roka
Depths:4: grunt_zot_entry_pinwheel, layout_gridlike, hell_entry,
          patterned_corridor, hangedman_abyss_entry_splay,
          chequers_serial_rivers_micro_d
Zot:1:    layout_basic
Zot:2:    layout_misc_corridors
Zot:3:    layout_concentric_octagons
Zot:4:    layout_onion
Zot:5:    layout_gridlike, basic_altar

Skill      XL: |  1  2  3  4  5  6  7  8  9 10 11 12 13 14 15 16 17 18 19 20 21 22 23 24 25 26 |
---------------+-------------------------------------------------------------------------------+-----
Unarmed Combat | 1 2 4 5 6 7 8 10 15 16 19 20 22 23 24 | 24.2
Fighting       | 2 4 6 9 11 13 14 15 16 17 19 20 22 23 | 23.3
Invocations    | 2 5 8 10 16 | 16.0
Dodging        | 3 5 6 7 9 10 11 | 11.1
Armour         | 3 6 7 8 12 14 | 14.0
Shields        | 2 3 11 14 | 14.0
Evocations     | 9 12 17 18 | 18.1
Stealth        | |  1.1

Action                     |  1- 3 |  4- 6 |  7- 9 | 10-12 | 13-15 | 16-18 | 19-21 | 22-24 | 25-27 || total
---------------------------+-------+-------+-------+-------+-------+-------+-------+-------+-------++-------
  Melee: Unarmed           |   110 |   128 |   230 |   371 |   869 |  1056 |   853 |  1005 |   606 ||  5228
         Punch             |     3 |     3 |     9 |     3 |       |       |       |       |       ||    18
  Throw: Dart              |       |       |     5 |    11 |     9 |     3 |       |       |       ||    28
 Invoke: Dark Bargain      |       |       |     1 |       |     6 |     3 |       |     4 |     3 ||    17
         Bind Soul         |       |       |       |     1 |     1 |     1 |     3 |     4 |     1 ||    11
         Recall Undead Har |       |       |       |       |     9 |    25 |    14 |    17 |     7 ||    72
         Drain Life        |       |       |       |       |     3 |     8 |     8 |    10 |     4 ||    33
         Stop Recall       |       |       |       |       |       |     1 |       |       |       ||     1
  Evoke: Wand              |     4 |    15 |     8 |    11 |    10 |    10 |     6 |    19 |     8 ||    91
         Lightning rod     |       |       |       |       |     8 |     8 |     9 |       |       ||    25
         Tin of tremorston |       |       |       |       |     2 |     1 |     4 |     2 |     2 ||    11
         Condenser vane    |       |       |       |       |     1 |     2 |     4 |     5 |     2 ||    14
         Box of beasts     |       |       |       |       |     1 |     2 |     2 |       |     2 ||     7
         Phantom mirror    |       |       |       |       |       |       |       |     4 |     1 ||     5
    Use: Scroll            |     6 |       |     3 |     5 |    13 |     1 |     1 |     2 |    12 ||    43
         Potion            |       |     2 |       |     1 |     1 |       |     3 |     9 |    12 ||    28
   Stab: Distracted        |       |       |       |     5 |    17 |    32 |    11 |    25 |    18 ||   108
         Sleeping          |       |       |       |     1 |       |       |       |       |       ||     1
         Paralysed         |       |       |       |       |     3 |       |       |     1 |       ||     4
         Invisible         |       |       |       |       |     1 |       |       |     1 |       ||     2
         Confused          |       |       |       |       |       |       |       |     1 |       ||     1
 Armour: Leather armour    |    24 |       |    45 |    86 |     4 |       |       |       |       ||   159
         Ring mail         |     3 |    33 |    17 |       |       |       |       |       |       ||    53
         Scale mail        |       |       |       |       |    38 |       |       |       |       ||    38
         Plate armour      |       |       |       |       |   330 |   506 |   496 |   621 |   399 ||  2352
  Dodge: Dodged            |    79 |    86 |   158 |   193 |   338 |   364 |   252 |   291 |   160 ||  1921
  Block: Buckler           |       |       |       |   106 |   411 |   309 |       |       |       ||   826
         Reflection        |       |       |       |       |    14 |    63 |       |       |       ||    77
         Kite shield       |       |       |       |       |       |   334 |   462 |   483 |   274 ||  1553

Table legend: (Time is in decaauts)
 A = Elapsed time spent in this place.
 B = Non-inter-level travel time spent in this place.
 C = Inter-level travel time spent in this place.
 D = Time resting spent in this place.
 E = Time spent auto-exploring this place.
 F = Levels seen in this place.
 G = Mean time per level.
                   A        B        C        D        E       F      G
               +--------+--------+--------+--------+--------+-----+--------+
         Total |  62922 |  58631 |   4291 |   6346 |  41210 |  48 | 1310.9 |
       Dungeon |  18587 |  16904 |   1683 |   1013 |  13089 |  15 | 1239.1 |
          Lair |   9801 |   9051 |    750 |   1076 |   6688 |   5 | 1960.2 |
        Shoals |   4916 |   4487 |    429 |    252 |   3400 |   4 | 1229.0 |
     Snake Pit |   7478 |   7208 |    270 |    618 |   5501 |   4 | 1869.5 |
  Orcish Mines |   1898 |   1696 |    202 |    258 |   1116 |   2 |  949.0 |
        Vaults |   9467 |   8934 |    533 |    686 |   6310 |   5 | 1893.4 |
        Depths |   6547 |   6181 |    366 |   1375 |   3846 |   4 | 1636.8 |
           Zot |   3235 |   3181 |     54 |   1055 |    894 |   5 |  647.0 |
         Abyss |    291 |    291 |      0 |      9 |      0 |   2 |  145.5 |
         Sewer |    104 |    104 |      0 |      0 |     58 |   1 |  104.0 |
      Gauntlet |    593 |    593 |      0 |      4 |    304 |   1 |  593.0 |
               +--------+--------+--------+--------+--------+-----+--------+

Top non-repeatable levels by time:
  Lair:2: 2784 daAuts
Depths:4: 2588 daAuts
  Lair:3: 2406 daAuts
 Snake:4: 2401 daAuts
Vaults:1: 2341 daAuts
 Snake:3: 2108 daAuts
Vaults:5: 2046 daAuts
Vaults:3: 1887 daAuts
Depths:2: 1820 daAuts
     D:5: 1807 daAuts
Vaults:2: 1775 daAuts
 Snake:2: 1756 daAuts
    D:11: 1642 daAuts
Shoals:4: 1629 daAuts
  Lair:4: 1583 daAuts
